 Dungeon Crawl Stone Soup version 0.28-a0-1286-g6bde065e89 (webtiles) character file.

Game seed: 12176793091366421346

553 Armakuni the Firebug (level 7, -1/48 HPs)
             Began as a Human Wanderer on Dec 26, 2021.
             Slain by an orc wizard (2 damage)
             ... on level 4 of the Dungeon.
             The game lasted 00:10:40 (5229 turns).

Armakuni the Firebug (Human Wanderer)               Turns: 5229, Time: 00:10:41

Health: -1/48      AC:  3    Str:  9 (12) XL:     7   Next: 55%
Magic:  6/14       EV: 11    Int: 19 (21) God:
Gold:   200        SH:  0    Dex:  9 (12) Spells: 9/16 levels left

rFire   . . .      SeeInvis .   a - +0 flail
rCold   . . .      Faith    .   (no shield)
rNeg    . . .      Spirit   .   c - +0 robe
rPois   .          Reflect  .   k - +0 helmet
rElec   .          Harm     .   (no cloak)
rCorr   .          Rampage  .   (no gloves)
Will    .....                   (no boots)
Stlth   +.........              (no amulet)
HPRegen 0.16/turn               I - +6 ring of intelligence
MPRegen 0.14/turn               (no ring)

@: no status effects
A: no striking features
a: no special abilities


You were on level 4 of the Dungeon.
You visited 1 branch of the dungeon, and saw 5 of its levels.

You collected 200 gold pieces.

Inventory:

Hand Weapons
 a - a +0 flail (weapon)
Missiles
 e - 6 javelins
Armour
 b - a +0 ring mail
 c - a +0 robe (worn)
 k - a +0 helmet (worn)
Jewellery
 I - a +6 ring of intelligence (left hand)
Scrolls
 d - a scroll of teleportation
 f - a scroll of brand weapon {unknown}
 g - a scroll of fear {unknown}
 i - 4 scrolls of enchant weapon
Potions
 h - a potion of brilliance


   Skills:
 - Level 1.2 Fighting
 - Level 3.0 Armour
 - Level 1.0 Dodging
 - Level 5.0 Spellcasting
 + Level 5.3 Fire Magic
 - Level 2.0 Ice Magic
 - Level 1.0 Invocations


You had 9 spell levels left.
You knew the following spells:

 Your Spells              Type           Power      Damage    Failure   Level
s - Scorch                Fire           48%        2d7       2%          2
w - Flame Wave            Conj/Fire      14%        2d5       38%         4
z - Freeze                Ice            48%        1d7       5%          1

Your spell library contained the following spells:

 Spells                   Type           Power      Damage    Failure   Level
 Foxfire                  Conj/Fire      56%        2x1d6     4%          1
 Frozen Ramparts          Ice            24%        1d4       16%         3


Dungeon Overview and Level Annotations

Branches:
Dungeon (5/15)
 Temple: D:4-7

Altars:
Gozag
Kikubaaqudgha

Annotations:
D:3 3 runed translucent doors, DEFE's ghost, amateur KoDe


Message History

You completely miss something. Something completely misses you.
You bump into the stone wall.
Something hits you.
You bump into the stone wall.
Something hits you.
You miss something. Something hits you but does no damage. Something hits you.
Okay, then.
You are too confused!
Unknown command.
You're too confused to cast spells.
You're too confused to cast spells.
Unknown command.
You bump into the stone wall.
You feel less confused. Something hits you.
You miss something.
You hear some strange, mumbled words.
You are confused.
You bump into the stone wall.
You hear some strange, mumbled words.
A magic dart appears from out of thin air!
The magic dart hits you.
* * * LOW HITPOINT WARNING * * *
You bump into the stone wall.
Something hits you.
* * * LOW HITPOINT WARNING * * *
You bump into the stone wall.
Something hits you.
* * * LOW HITPOINT WARNING * * *
You closely miss something. Something hits you.
* * * LOW HITPOINT WARNING * * *
You barely miss something. Something hits you.
* * * LOW HITPOINT WARNING * * *
You hear some strange, mumbled words.
A magic dart appears from out of thin air!
The magic dart hits you!
* * * LOW HITPOINT WARNING * * *
You bump into the stone wall.
Something hits you.
* * * LOW HITPOINT WARNING * * *
You're too confused to move!
You feel less confused. Something hits you but does no damage.
You closely miss something. Something hits you.
You die...

# .o.
###..########
......).{@..#
.##..######.#
# #.#
#..######.#
#.........#
##.#####..#
#..# #..#
#..#


There were no monsters in sight!

Vanquished Creatures
  A necrophage (D:5)
  An ogre (D:5)
  A scorpion (D:4)
  A water moccasin zombie (D:5)
  2 orc priests
  An iguana (D:4)
  Terence (D:2)
  An orc wizard (D:4)
  A hound skeleton (D:5)
  A howler monkey skeleton (D:5)
  2 adders
  4 dart slugs
  8 orcs
  8 ball pythons
  3 bats
  2 endoplasms
  2 giant cockroaches
  3 goblins
  8 hobgoblins
  2 jackals (D:4)
  A quokka (D:2)
  3 frilled lizards
  7 kobolds
  7 rats
71 creatures vanquished.

Vanquished Creatures (others)
  13 plants (D:5)
13 creatures vanquished.

Grand Total: 84 creatures vanquished

Notes
Turn   | Place    | Note
-------+----------+-------------------------------------------
     0 | D:1      | Armakuni the Human Wanderer began the quest for the Orb.
     0 | D:1      | Armakuni set off with the following items: a +0 dagger, a
                  | +0 ring mail; and the following spells available to
                  | memorise: Freeze, Foxfire, Scorch, Frozen Ramparts, Flame
                  | Wave
     0 | D:1      | Reached XP level 1. HP: 13/13 MP: 2/2
   301 | D:1      | Reached skill level 1 in Fighting
   313 | D:1      | Learned a level 1 spell: Freeze
   327 | D:1      | Reached XP level 2. HP: 21/21 MP: 0/3
   413 | D:1      | Learned a level 2 spell: Scorch
  1233 | D:2      | Found a faded altar of an unknown god.
  1284 | D:2      | Reached XP level 3. HP: 23/26 MP: 2/5
  1814 | D:2      | Noticed Terence
  1825 | D:2      | Killed Terence
  1826 | D:2      | Reached XP level 4. HP: 15/32 MP: 0/7
  2527 | D:2      | You fall into a shaft and drop 2 floors!
  2535 | D:4      | Learned a level 4 spell: Flame Wave
  2625 | D:4      | Found an ancient bone altar of Kikubaaqudgha.
  3110 | D:3      | Found a runed translucent gate.
  3110 | D:3      | Found a runed translucent gate.
  3110 | D:3      | Found an opulent altar of Gozag.
  3110 | D:3      | Found a runed translucent gate.
  3110 | D:3      | Noticed a centaur
  3111 | D:3      | Noticed DEFE's ghost (amateur KoDe)
  3816 | D:4      | Noticed a scorpion
  3837 | D:3      | Reached XP level 5. HP: 21/37 MP: 4/9
  4075 | D:4      | Noticed an ogre
  4173 | D:4      | Reached XP level 6. HP: 9/43 MP: 1/10
  4550 | D:5      | Entered Level 5 of the Dungeon
  4591 | D:5      | Noticed a necrophage
  4604 | D:5      | Killed a necrophage
  4858 | D:5      | Reached skill level 5 in Fire Magic
  4858 | D:5      | Reached XP level 7. HP: 43/48 MP: 4/13
  5206 | D:4      | Reached skill level 5 in Spellcasting
  5226 | D:4      | HP: 2/48 [something/magic dart (8)]
  5229 | D:4      | Slain by an orc wizard

Illustrated notes

Levels and vault maps discovered:
D:1:      amcnicky_arrival_gap_in_the_tavern_cellar, layout_loops_ring,
          serial_park_tiny_1
D:2:      minmay_alternating_diamond, layout_loops_ring,
          nicolae_ecumenical_oubliette, kennysheep_generic_room_16, uniq_terence
D:3:      layout_basic, ebering_ghost_gozag, lemuel_another_geyser
D:4:      layout_loops_ring, kiku_gazebo_pond_becter, minmay_temple_entry_mist,
          uniq_crazy_yiuf_cottage
D:5:      layout_loops_ring, mainiacjoe_overflow_chevrons,
          nicolae_specific_store, uniq_sigmund, uniq_duvessa

Skill      XL: |  1  2  3  4  5  6  7 |
---------------+----------------------+-----
Fighting       | 1 |  1.2
Spellcasting   | 2 3 4 5 |  5.0
Fire Magic     | 3 4 5 |  5.3
Armour         | |  3.0
Dodging        | |  1.0
Ice Magic      | |  2.0
Invocations    | |  1.0

Action                   |  1- 3 |  4- 6 |  7- 9 || total
-------------------------+-------+-------+-------++-------
Melee: Dagger            |    49 |     5 |       ||    54
       Flail             |       |     8 |     9 ||    17
 Cast: Freeze            |    39 |    51 |       ||    90
       Scorch            |       |    20 |    10 ||    30
       Flame Wave        |       |       |     1 ||     1
  Use: Scroll            |     2 |     1 |       ||     3
       Potion            |       |     2 |     1 ||     3
Armor: Ring mail         |    24 |       |       ||    24
       Robe              |     9 |    15 |     4 ||    28
Dodge: Dodged            |    47 |    46 |     3 ||    96

Table legend: (Time is in decaauts)
 A = Elapsed time spent in this place.
 B = Non-inter-level travel time spent in this place.
 C = Inter-level travel time spent in this place.
 D = Time resting spent in this place.
 E = Time spent auto-exploring this place.
 F = Levels seen in this place.
 G = Mean time per level.
                   A        B        C        D        E       F      G
               +--------+--------+--------+--------+--------+-----+--------+
         Total |   5243 |   4973 |    270 |   1410 |   2608 |   5 | 1048.6 |
       Dungeon |   5243 |   4973 |    270 |   1410 |   2608 |   5 | 1048.6 |
               +--------+--------+--------+--------+--------+-----+--------+

Top non-repeatable levels by time:
     D:3: 1495 daAuts
     D:2: 1490 daAuts
     D:1: 1264 daAuts
     D:4: 710 daAuts
     D:5: 283 daAuts
